 Dungeon Crawl Stone Soup version 0.31-a0-196-g86fe4a5e66 (webtiles) character file.

Game seed: 7075026222879760472

20 qw the Shooter (level 2, -3/16 HPs)
             Began as a Deep Elf Hunter on June 24, 2023.
             Succumbed to their own poison gas
             ... on level 1 of the Dungeon.
             The game lasted 00:00:13 (410 turns).

qw the Shooter (Deep Elf Hunter)                     Turns: 410, Time: 00:00:14

Health: -3/16      AC:  3    Str:  8    XL:     2   Next: 58%
Magic:  4/4        EV: 12    Int: 13    God:
Gold:   36         SH:  0    Dex: 18    Spells: 1/1 levels left

rFire   . . .        Y - +2 shortbow
rCold   . . .        (shield currently unavailable)
rNeg    . . .        c - +0 leather armour
rPois   .            (no helmet)
rElec   .            (no cloak)
rCorr   .            (no gloves)
SInv    .            (no boots)
Will    .....        (no amulet)
Stlth   ++           (no ring)
HPRegen 0.22/turn    (no ring)
MPRegen 0.09/turn

%: no passive effects
@: lethally poisoned (-3 -> -24)
A: no striking features
a: no special abilities


You were on level 1 of the Dungeon.
You visited 1 branch of the dungeon, and saw 1 of its levels.

You collected 36 gold pieces.


   Skills:
 - Level 1.5 Fighting
 + Level 6.3 Ranged Weapons
 - Level 2.4 Dodging
 - Level 1.2 Stealth


You had one spell level left.
You didn't know any spells.
Your spell library was empty.

Inventory:

Hand Weapons
 Y - a +2 shortbow (weapon)
Armour
 c - a +0 leather armour (worn)
Scrolls
 j - a scroll of identify
Potions
 g - a potion of curing {unknown}
 h - a potion of invisibility {unknown}
 i - a potion of heal wounds {unknown}
 k - a potion of attraction {unknown}

Dungeon Overview and Level Annotations

Branches:
Dungeon (1/15)

Altars:


Message History

404 ||| READING scroll of enchant weapon.
As you read the scroll of enchant weapon, it crumbles to dust.
Your +1 shortbow glows red for a moment.
404 ||| ENCHANTING +1 shortbow.
Done exploring.
405 ||| READING scroll labelled HYORACRAKO.
As you read the scroll labelled HYORACRAKO, it crumbles to dust.
It is a scroll of amnesia.
You feel forgetful for a moment.
Done exploring.
406 ||| READING scroll labelled NIDAEL MISHRIG LOJE.
The air fills with toxic fumes!
As you read the scroll labelled NIDAEL MISHRIG LOJE, it crumbles to dust.
It was a scroll of poison.
Done exploring.
407 ||| READING 2 scrolls labelled CYGAGUDEAX.
As you read the scroll labelled CYGAGUDEAX, it crumbles to dust.
It is a scroll of identify.
Really abort (and waste the scroll)?
Done exploring.
408 ||| DROPPING scroll of butterflies.
You drop a scroll of butterflies.
Done exploring.
(D) Dungeon
Where to? (* - list waypoints, ? - help)
What level of the Dungeon? (default 1, ? - help) Sorry, I don't know how to get there.
Enter note:
Enter note:
Enter note:
Enter note:
Enter note:
Enter note:
Enter note:
Enter note:
Enter note: Really walk into that cloud of poison gas?
You are engulfed in poison gas.
You are lethally poisoned!
Ouch! That really hurt!
You feel very sick.
410 ||| Stepping ~*~*~tactically~*~*~ (cloud).
You die...

#################
#~~~~~~~~~~~~~~~#
#~####~~~~~####~# #
#~#>.#######¤¤#~# #
#~#..+)....+¤¤#~# #
#~##'###+###¤##~# #
#~~#.#.....#@#~~# #
#~~#.#..#..#¤#~~########## #
##~~#.#..#..#¤#~~##.......# #
#...'.'.8#8.¤¤¤[..........####
#.~~#.#..#..#¤#~~#............
#.~~#.#..#..#¤#~~##.......##..
#.~~#.#....:#¤#~~.#.......##..
#.~##+###+###¤##~...##########
#.~#..+.....+..#~##.# #


There were no monsters in sight!

Vanquished Creatures
  A bat (D:1)
  2 endoplasms (D:1)
  3 giant cockroaches (D:1)
  A goblin (D:1)
  A hobgoblin (D:1)
  A quokka (D:1)
  4 ball pythons (D:1)
  A frilled lizard (D:1)
  2 kobolds (D:1)
  4 rats (D:1)
20 creatures vanquished.

Notes
Turn   | Place    | Note
-------+----------+-------------------------------------------
     0 | D:1      | qw the Deep Elf Hunter began the quest for the Orb.
     0 | D:1      | Reached XP level 1. HP: 12/12 MP: 3/3
     0 | D:1      | 0 ||| qw: Version: 0.3-a-9-g12657ce
     0 | D:1      | 0 ||| qw: Game counter: 4797
     0 | D:1      | 0 ||| qw: Always use a shield: true
     0 | D:1      | 0 ||| qw: God list: Okawaru
     0 | D:1      | 0 ||| qw: Allow faded altars: false
     0 | D:1      | 0 ||| qw: Do Orc after D:15 true
     0 | D:1      | 0 ||| qw: Do second Lair branch before Depths: true
     0 | D:1      | 0 ||| qw: Lair rune preference: random
     0 | D:1      | 0 ||| qw: Plans: Normal
     0 | D:1      | 0 ||| PLANNING D:1-11
   115 | D:1      | Reached skill level 6 in Ranged Weapons
   115 | D:1      | Reached XP level 2. HP: 16/16 MP: 4/4
   403 | D:1      | 403 ||| READING 2 scrolls labelled GUOFIA TUISO.
   404 | D:1      | 404 ||| READING scroll of enchant weapon.
   404 | D:1      | 404 ||| ENCHANTING +1 shortbow.
   405 | D:1      | 405 ||| READING scroll labelled HYORACRAKO.
   406 | D:1      | 406 ||| READING scroll labelled NIDAEL MISHRIG LOJE.
   407 | D:1      | 407 ||| READING 2 scrolls labelled CYGAGUDEAX.
   408 | D:1      | 408 ||| DROPPING scroll of butterflies.
   409 | D:1      | HP: 1/16 [poisoned by you (poison gas)]
   410 | D:1      | 410 ||| Stepping ~*~*~tactically~*~*~ (cloud).
   410 | D:1      | Succumbed to their own poison gas

Levels and vault maps discovered:
D:1:      heliophobic_arrival_glass_houses, layout_rooms,
          minmay_shallow_snake_nest

Skill      XL: |  1 |
---------------+----+-----
Ranged Weapons | 6 |  6.3
Fighting       | |  1.5
Dodging        | |  2.4
Stealth        | |  1.2

Action                     || total
---------------------------++-------
   Fire: Shortbow          ||    45
    Use: Scroll            ||     5
 Armour: Leather armour    ||     3
  Dodge: Dodged            ||     9

Table legend:
 A = Non-vault XP
 B = Vault XP
 C = Vault XP percentage of total XP
 D = Non-vault monster count
 E = Vault monster count
 F = Vault count percentage of total count
                 A         B        C        D         E       F
            +---------+---------+-------+---------+---------+-------
      Total |      27 |       2 |   6.9 |      18 |       2 |  10.0
            +---------+---------+-------+---------+---------+-------
        D:1 |      27 |       2 |   6.9 |      18 |       2 |  10.0
            +---------+---------+-------+---------+---------+-------
